 Dungeon Crawl Stone Soup version 0.27-a0-1140-g099f9bb0e8 (webtiles) character file.

Game seed: 9358600449050063145

7 CurlyBrace the Chiller (level 1, -1/8 HPs)
             Began as a Felid Ice Elementalist on May 10, 2021.
             Slain by a jackal (3 damage)
             ... on level 4 of the Dungeon.
             The game lasted 00:01:31 (136 turns).

CurlyBrace the Chiller (Felid Ice Elementalist)      Turns: 136, Time: 00:01:33

Health: -1/8       AC:  1    Str:  4    XL:     1   Next: 83%
Magic:  3/4        EV: 17    Int: 16    God:
Gold:   5          SH:  0    Dex: 16    Spells: 3/4 levels left
                                        Lives:  0   Deaths: 0

rFire    . . .     SeeInvis +   (weapon unavailable)
rCold    . . .     Faith    .   (shield unavailable)
rNeg     . . .     Spirit   .   (armour unavailable)
rPois    .         Reflect  .   (helmet unavailable)
rElec    .         Harm     .   (cloak unavailable)
rCorr    .         Rampage  .   (gloves unavailable)
Will     .....                  (boots unavailable)
Stlth    ++........             (no amulet)
HPRegen  0.02/turn              (no ring)
MPRegen  0.09/turn              (no ring)

@: quick
A: very small, claws 1, fangs 3, see invisible, speed 1, shaggy fur 1, stealthy
paws, no weapons or thrown items, no armour, multi-lived
a: no special abilities


You were on level 4 of the Dungeon.
You visited 1 branch of the dungeon, and saw 4 of its levels.

You collected 5 gold pieces.

You aren't carrying anything.


   Skills:
 * Level 0.7 Fighting
 + Level 2.8 Dodging
 + Level 2.8 Stealth
 * Level 0.6 Unarmed Combat
 - Level 2.0 Spellcasting
 - Level 3.6 Ice Magic


You had 3 spell levels left.
You knew the following spells:

 Your Spells              Type           Power      Damage    Failure   Level
a - Freeze                Ice            52%        1d7       4%          1

Your spell library contained the following spells:

 Spells                   Type           Power      Damage    Failure   Level
 Frozen Ramparts          Ice            26%        1d4       14%         3
 Ozocubu's Armour         Ice            13%        N/A       14%         3
 Hailstorm                Conj/Ice       7%         3d4       69%         4
 Metabolic Englaciation   Hex/Ice        3%         N/A       95%         5


Dungeon Overview and Level Annotations

Branches:
Dungeon (4/15)
 Temple: D:4-7

Altars:

Shops:
D:2 [


Innate Abilities, Weirdness & Mutations

You have sharp claws.
You have razor-sharp teeth.
You have supernaturally acute eyesight. (SInv)
You cover ground quickly. (Speed+)
You are covered in fur. (AC +1)
Your paws help you pounce on unaware monsters.
You are incapable of wielding weapons or throwing items.
You cannot wear armour.
You gain extra lives every three experience levels.


Message History

There is an open door here.
You see here a jackal corpse.
An adder zombie comes into view.
There is a stone staircase leading up here.
The adder zombie closely misses you.
There is a shaft here.
Really dive through this shaft in the floor?
You fall into a shaft and drop 1 floor!
The shaft crumbles and collapses.
A rat and an endoplasm come into view.
The endoplasm quivers.
A jackal comes into view.
Found 12 stones.
Found a stone staircase leading down. 2 jackals come into view.
The jackal barks!
The jackal barks!
The endoplasm jiggles.
You open the door.
A goblin comes into view. It is wielding a +0 dagger.
The jackal bites you but does no damage.
Found a lumpy soapstone amulet.
Found an escape hatch in the floor.
There is an open door here.
You aren't carrying any potions.
The goblin unwields a +0 dagger.
The goblin wields a +0 hunting sling.
The goblin shoots a stone.
The stone misses you. The jackal completely misses you.
There is an escape hatch in the floor here.
Really go through this one-way escape hatch?
The jackal completely misses you.
You slide downwards.
The hatch slams shut behind you.
Casting: Freeze (safe; 4% risk of failure)
Confirm with . or Enter, or press ? or * to list all spells.
Aiming: Freeze (safe; 4% risk of failure)
Press: ? - help, Shift-Dir - straight line, f - jackal
Aim: a jackal You freeze the jackal.
The jackal is almost dead.
The jackal bites you.
You die...

##.
...#
....#
... ...
# #.#
.#
#.##..#
#h@...#
#.###.#
#.# ..#
..# ##.
#


You could see a jackal.

Vanquished Creatures
  An endoplasm (D:1)
  3 jackals (D:2)
  A kobold (D:2)
5 creatures vanquished.

Notes
Turn   | Place    | Note
-------+----------+-------------------------------------------
     0 | D:1      | CurlyBrace the Felid Ice Elementalist began the quest for
                  | the Orb.
     0 | D:1      | Reached XP level 1. HP: 7/7 MP: 4/4
    85 | D:2      | Found Gecohol's Armour Shop.
   105 | D:2      | You fall into a shaft and drop 1 floor!
   136 | D:4      | Slain by a jackal

Illustrated notes

Levels and vault maps discovered:
D:1:      giann_wishing_wells, layout_loops_corners
D:2:      layout_basic, serial_shops, shop, shop, shop, shop, shop, uniq_natasha
D:3:      layout_basic
D:4:      layout_loops_ring, nicolae_wu_jian_immortal_techniques,
          lemuel_crystal_altar

Action                   || total
-------------------------++-------
Melee: Unarmed           ||     6
 Cast: Freeze            ||     6
 Stab: Sleeping          ||     2
Armor: Skin              ||     1
Dodge: Dodged            ||    13

Table legend: (Time is in decaauts)
 A = Elapsed time spent in this place.
 B = Non-inter-level travel time spent in this place.
 C = Inter-level travel time spent in this place.
 D = Time resting spent in this place.
 E = Time spent auto-exploring this place.
 F = Levels seen in this place.
 G = Mean time per level.
                   A        B        C        D        E       F      G
               +--------+--------+--------+--------+--------+-----+--------+
         Total |    112 |    112 |      0 |      0 |      0 |   4 |   28.0 |
       Dungeon |    112 |    112 |      0 |      0 |      0 |   4 |   28.0 |
               +--------+--------+--------+--------+--------+-----+--------+

Top non-repeatable levels by time:
     D:1: 48 daAuts
     D:2: 38 daAuts
     D:3: 24 daAuts
     D:4: 0 daAuts
